Map: [ESL] Gresvan

Players

Nice

  • Race: Protoss Protoss

Harstem - Winner!

  • Race: Protoss Protoss
  • League: Master

Event: IEM Katowice 2023

VOD

Have the link to the VOD?

Description

Time

  • Played on: Feb. 8, 2023, 6:32 a.m.
  • Length: 17:15

All games in this series

Show
View Real Time Build Order
Export as new Build Order

Nice Protoss 

Build Orders: Carriers 

Get SALT Encoding   

  12  0:00  Probe  
  13  0:12  Probe  
  14  0:17  Pylon  
  14  0:24  Probe (Chrono Boost)  
  16  0:36  Gateway  
  16  0:37  Probe (Chrono Boost)  
  16  0:43  Probe (Chrono Boost)  
  16  0:45  Assimilator  
  16  0:49  Assimilator  
  17  0:52  Probe  
  18  1:04  Probe (Chrono Boost)  
  19  1:11  Gateway  
  19  1:14  Probe (Chrono Boost)  
  20  1:19  Probe (Chrono Boost)  
  20  1:24  Cybernetics Core  
  21  1:31  Pylon  
  21  1:33  Probe  
  22  1:45  Probe  
  23  1:57  Probe  
  23  2:01  Sentry, Warp Gate (Chrono Boost), Stalker  
  24  2:07  Pylon  
  28  2:09  Probe  
  29  2:22  Probe  
  30  2:24  Stalker  
  32  2:31  Stalker  
  34  2:47  Nexus  
  34  2:56  Pylon  
  34  2:57  Sentry  
  34  2:58  Probe  
  37  3:02  Sentry  
  37  3:16  Probe (Chrono Boost)  
  37  3:25  Probe (Chrono Boost)  
  38  3:30  Probe (Chrono Boost)  
  39  3:42  Probe  
  39  3:46  Stalker x2  
  44  3:53  Twilight Council  
  44  3:54  Probe  
  45  3:59  Probe  
  46  4:09  Stalker x2  
  50  4:10  Probe  
  50  4:15  Probe  
  52  4:23  Blink (Chrono Boost)  
  52  4:28  Probe  
  52  4:30  Probe  
  53  4:42  Probe (Chrono Boost)  
  53  4:45  Probe (Chrono Boost)  
  54  4:52  Probe (Chrono Boost)  
  54  4:55  Probe (Chrono Boost)  
  54  4:57  Probe (Chrono Boost)  
  55  5:04  Probe  
  55  5:06  Forge  
  56  5:09  Probe  
  56  5:10  Pylon  
  57  5:17  Probe  
  57  5:21  Probe  
  59  5:23  Robotics Facility  
  59  5:26  Gateway  
  59  5:27  Gateway  
  59  5:29  Probe  
  59  5:30  Assimilator  
  59  5:33  Probe  
  59  5:35  Stalker  
  63  5:38  Stalker  
  63  5:41  Probe  
  66  5:45  Probe  
  67  5:52  Pylon  
  67  5:53  Probe  
  68  6:00  Nexus  
  68  6:01  Protoss Ground Weapons Level 1 (Chrono Boost)  
  68  6:03  Stalker  
  70  6:10  Observer  
  71  6:12  Probe x2  
  71  6:17  Pylon  
  73  6:20  Stalker  
  73  6:24  Probe (Chrono Boost)  
  77  6:29  Probe (Chrono Boost)  
  77  6:32  Observer  
  78  6:33  Charge (Chrono Boost)  
  78  6:36  Probe (Chrono Boost)  
  78  6:37  Pylon  
  78  6:39  Probe (Chrono Boost)  
  80  6:42  Probe  
  81  6:47  Pylon  
  81  6:48  Probe  
  82  6:54  Probe  
  82  6:57  Nexus  
  82  7:00  Probe  
  84  7:06  Probe, Stalker  
  84  7:07  Stalker x2  
  91  7:12  Probe  
  91  7:14  Pylon  
  92  7:18  Pylon, Probe  
  92  7:20  Probe  
  94  7:22  Shield Battery  
  94  7:25  Probe  
  94  7:28  Stalker  
  97  7:32  Probe x2  
  97  7:33  Stalker  
  97  7:34  Stalker  
  103  7:37  Stalker  
  103  7:38  Probe  
  103  7:44  Photon Cannon, Probe  
  106  7:50  Pylon, Probe, Protoss Ground Weapons Level 2 (Chrono Boost)  
  108  7:51  Shield Battery  
  108  7:56  Probe  
  109  7:59  Stalker x2  
  109  8:04  Probe x2  
  114  8:08  Probe, Robotics Bay  
  115  8:14  Assimilator, Probe  
  115  8:16  Probe  
  115  8:18  Shield Battery, Robotics Facility  
  117  8:22  Stalker x2  
  121  8:28  Probe x4  
  125  8:40  Probe x4  
  127  8:46  Assimilator  
  127  8:48  Pylon, Assimilator  
  127  8:50  Photon Cannon, Observer  
  127  8:51  Photon Cannon  
  127  8:52  Probe x3, Phoenix  
  127  8:55  Gateway  
  131  8:56  Assimilator  
  131  8:57  Gateway  
  131  8:58  Gravitic Boosters (Chrono Boost)  
  131  9:04  Photon Cannon  
  131  9:10  Disruptor (Chrono Boost)  
  131  9:12  Assimilator  
  131  9:15  Disruptor (Chrono Boost)  
  137  9:25  Shield Battery, Pylon  
  137  9:31  Gateway  
  137  9:32  Gateway  
  137  9:36  Disruptor  
  137  9:38  Pylon, Stargate  
  137  9:39  Pylon x2  
  137  9:45  Pylon  
  140  9:46  Protoss Air Weapons Level 1 (Chrono Boost)  
  140  9:49  Shield Battery  
  140  9:50  Pylon  
  140  9:53  Zealot x4, Stalker x2  
  140  9:56  Observer  
  153  10:12  Disruptor  
  156  10:14  Photon Cannon  
  156  10:16  Shield Battery  
  156  10:17  Pylon, Disruptor  
  156  10:19  Pylon, Photon Cannon  
  159  10:26  Fleet Beacon  
  159  10:28  Stargate  
  159  10:41  Photon Cannon  
  159  10:43  Zealot x3  
  159  10:47  Disruptor  
  159  10:49  Pylon, Zealot x5  
  178  10:53  Observer  
  178  10:55  Nexus  
  173  11:06  Probe x3  
  173  11:07  Probe  
  173  11:11  Carrier (Chrono Boost)  
  177  11:12  Carrier (Chrono Boost)  
  177  11:14  Disruptor  
  188  11:23  Photon Cannon, Disruptor  
  188  11:24  Shield Battery  
  191  11:31  Phoenix (Chrono Boost)  
  191  11:44  Photon Cannon  
  191  11:45  Shield Battery  
  186  11:52  Zealot x5  
  180  11:55  Zealot  
  180  11:58  Carrier (Chrono Boost)  
  180  11:59  Zealot x2, Carrier (Chrono Boost)  
  176  12:17  Zealot x3  
  176  12:18  Zealot x3  
  188  12:26  Observer  
  182  12:37  Stargate  
  182  12:38  Photon Cannon  
  182  12:42  Shield Battery  
  182  12:43  Pylon  
  182  12:44  Pylon, Observer  
  183  12:45  Templar Archives  
  183  12:52  Carrier (Chrono Boost)  
  183  12:55  Protoss Ground Weapons Level 3 (Chrono Boost)  
  183  12:58  Photon Cannon  
  188  13:01  Photon Cannon  
  188  13:03  Shield Battery  
  188  13:04  Pylon, Carrier (Chrono Boost)  
  194  13:20  Zealot x3  
  194  13:31  Observer  
  180  13:39  Zealot x5  
  179  13:49  Photon Cannon  
  179  13:50  Shield Battery  
  179  13:52  High Templar x2  
  179  13:53  High Templar  
  181  13:57  Archon  
  181  14:00  High Templar x3  
  181  14:01  Zealot x2  
  191  14:05  Archon  
  191  14:06  Archon  
  191  14:22  Zealot x2  
  195  14:25  Zealot  
  188  14:43  Zealot x7  
  181  14:56  Stalker  
  172  15:16  Nexus  
  172  15:18  Pylon  
  162  15:26  Pylon  
  145  15:47  Shield Battery  
Show
View Real Time Build Order
Export as new Build Order

Harstem Protoss - Winner!

Build Orders: Oracle Opening, Blink Stalkers 

Get SALT Encoding   

  12  0:00  Probe  
  13  0:12  Probe  
  14  0:17  Pylon  
  14  0:24  Probe (Chrono Boost)  
  15  0:36  Probe (Chrono Boost)  
  15  0:37  Gateway  
  16  0:44  Probe (Chrono Boost)  
  16  0:46  Assimilator  
  17  0:51  Probe  
  17  0:54  Assimilator  
  18  1:03  Probe (Chrono Boost)  
  19  1:08  Gateway  
  20  1:12  Probe (Chrono Boost)  
  20  1:17  Probe (Chrono Boost)  
  20  1:23  Cybernetics Core  
  21  1:29  Probe  
  22  1:36  Pylon  
  22  1:41  Probe  
  24  2:00  Adept  
  24  2:01  Adept  
  28  2:02  Stargate  
  28  2:05  Probe  
  28  2:11  Warp Gate  
  28  2:17  Pylon  
  28  2:42  Nexus  
  28  2:47  Oracle (Chrono Boost)  
  31  2:53  Probe  
  32  3:05  Probe  
  31  3:14  Oracle (Chrono Boost)  
  31  3:18  Probe  
  33  3:26  Twilight Council  
  33  3:27  Shield Battery  
  33  3:31  Probe  
  34  3:44  Probe  
  34  3:47  Shield Battery  
  35  3:54  Probe  
  36  3:56  Probe  
  36  3:58  Blink (Chrono Boost)  
  36  3:59  Stalker x2  
  41  4:06  Probe  
  41  4:09  Probe (Chrono Boost)  
  43  4:18  Probe (Chrono Boost)  
  45  4:25  Stalker  
  45  4:26  Probe (Chrono Boost)  
  45  4:28  Probe (Chrono Boost), Stalker  
  49  4:32  Shield Battery  
  49  4:37  Probe  
  51  4:40  Pylon  
  51  4:43  Probe  
  51  4:48  Forge  
  51  4:54  Probe  
  51  4:55  Stalker  
  51  4:58  Pylon  
  55  5:04  Stalker  
  55  5:06  Probe  
  54  5:07  Gateway  
  54  5:09  Probe  
  55  5:15  Protoss Ground Weapons Level 1 (Chrono Boost)  
  55  5:18  Probe, Stalker  
  58  5:21  Probe  
  58  5:24  Assimilator  
  59  5:30  Probe  
  59  5:31  Stalker  
  59  5:33  Probe  
  59  5:35  Pylon  
  63  5:43  Probe  
  63  5:45  Stalker  
  67  5:53  Nexus  
  67  5:55  Probe  
  67  5:56  Probe  
  68  6:01  Sentry  
  70  6:07  Stalker  
  70  6:08  Probe  
  70  6:11  Robotics Facility  
  73  6:14  Shield Battery  
  73  6:17  Probe  
  74  6:21  Stalker  
  76  6:28  Pylon, Probe, Phoenix  
  76  6:29  Pylon  
  77  6:33  Probe  
  77  6:36  Pylon  
  78  6:41  Gateway  
  78  6:44  Pylon  
  78  6:48  Stalker x2  
  78  6:49  Probe  
  83  6:55  Probe  
  83  6:56  Stalker  
  83  6:57  Protoss Ground Weapons Level 2 (Chrono Boost)  
  83  6:58  Observer  
  87  7:01  Probe  
  87  7:05  Probe  
  87  7:07  Probe  
  90  7:12  Stalker  
  90  7:13  Probe  
  93  7:17  Probe  
  93  7:18  Stalker  
  96  7:23  Probe  
  96  7:24  Stalker  
  99  7:30  Nexus  
  99  7:31  Probe  
  99  7:37  Stalker x2  
  104  7:43  Probe  
  105  7:46  Gateway  
  105  7:49  Gateway  
  105  7:53  Gateway x2  
  105  7:56  Immortal (Chrono Boost)  
  109  8:04  Probe  
  107  8:07  Zealot x2, Robotics Bay  
  107  8:09  Assimilator  
  107  8:12  Probe x2  
  113  8:16  Zealot, Probe  
  116  8:20  Pylon  
  116  8:21  Pylon  
  116  8:24  Probe  
  116  8:25  Probe  
  118  8:28  Immortal (Chrono Boost)  
  118  8:30  Probe  
  118  8:32  Pylon  
  121  8:34  Stalker x2  
  121  8:41  Stalker  
  121  8:46  Pylon  
  125  8:49  Zealot x3  
  125  8:53  Shield Battery  
  129  8:57  Photon Cannon, Disruptor (Chrono Boost)  
  129  9:00  Probe  
  133  9:03  Assimilator, Photon Cannon, Protoss Ground Weapons Level 3 (Chrono Boost)  
  133  9:14  Photon Cannon  
  133  9:23  Zealot x4  
  141  9:24  Probe, Disruptor (Chrono Boost)  
  141  9:27  Assimilator  
  141  9:31  Pylon  
  145  9:34  Probe x2, Robotics Facility  
  145  9:36  Pylon  
  145  9:37  Charge (Chrono Boost), Zealot  
  149  9:49  Probe  
  149  9:50  Dark Shrine  
  149  9:51  Probe  
  149  9:52  Pylon  
  151  9:53  Photon Cannon, Probe  
  151  9:55  Assimilator  
  152  10:00  Photon Cannon  
  152  10:05  Disruptor (Chrono Boost)  
  155  10:08  Stalker x3  
  155  10:13  Probe  
  160  10:23  Nexus, Probe  
  160  10:25  Gateway  
  160  10:26  Pylon  
  160  10:27  Disruptor (Chrono Boost)  
  164  10:32  Gateway  
  164  10:36  Gravitic Boosters  
  164  10:38  Probe  
  164  10:40  Photon Cannon, Observer (Chrono Boost)  
  164  10:41  Photon Cannon  
  164  10:42  Shield Battery  
  166  10:45  Pylon  
  164  10:52  Observer  
  163  11:03  Dark Templar  
  163  11:04  Zealot x4, Dark Templar x3  
  167  11:09  Observer  
  176  11:19  Gateway, Disruptor  
  176  11:21  Pylon  
  176  11:23  Gateway, Photon Cannon  
  176  11:24  Zealot x2  
  176  11:25  Zealot x2  
  187  11:26  Shadow Stride (Chrono Boost)  
  187  11:28  Pylon  
  187  11:35  Assimilator  
  187  11:36  Zealot  
  187  11:37  Zealot x2  
  187  11:39  Assimilator  
  193  11:41  Photon Cannon  
  191  11:48  Zealot  
  191  11:49  Zealot x5  
  190  12:09  Disruptor  
  190  12:10  Disruptor  
  190  12:11  Stalker x2  
  199  12:29  Zealot x3  
  199  12:30  Protoss Shields Level 1 (Chrono Boost)  
  199  12:33  Probe  
  198  12:40  Fleet Beacon  
  198  12:42  Stargate  
  198  12:44  Stargate, Protoss Air Weapons Level 1 (Chrono Boost)  
  198  12:46  Pylon, Stargate  
  198  12:47  Pylon  
  198  12:59  Zealot  
  198  13:01  Photon Cannon  
  198  13:03  Photon Cannon  
  198  13:04  Pylon  
  200  13:06  Cybernetics Core  
  200  13:10  Nexus  
  197  13:12  Pylon  
  193  13:29  Observer  
  184  13:44  Tempest x2 (Chrono Boost)  
  183  13:49  Dark Templar x3  
  183  13:50  Dark Templar x3  
  183  13:54  Tempest (Chrono Boost)  
  183  13:55  Observer  
  194  14:06  Protoss Air Armor Level 1 (Chrono Boost)  
  192  14:15  Tempest (Chrono Boost)  
  192  14:17  Photon Cannon  
  195  14:20  Photon Cannon  
  195  14:21  Photon Cannon  
  195  14:22  Tempest (Chrono Boost), Photon Cannon  
  198  14:24  Shield Battery  
  198  14:25  Shield Battery  
  198  14:28  Pylon  
  199  14:43  Tempest (Chrono Boost)  
  195  14:47  Dark Templar  
  184  14:57  Zealot x4, Stalker x4  
  195  15:07  Zealot, Dark Templar  
  195  15:09  Photon Cannon  
  195  15:13  Photon Cannon  
  194  15:19  Zealot, Dark Templar  
  176  15:34  Dark Templar x5  
  179  15:48  Shield Battery  
  164  16:07  Archon x2  
  160  16:15  Nexus  
  160  16:16  Stalker x2  
  148  16:58  Pylon  
  148  17:00  Pylon  

Tags
 
Add a new tag
Caveats
  • Supply blocks, unpowered buildings, or Contaminate may cause inaccurate times.
  • Supply counts are checked every 10 seconds.